 Dungeon Crawl Stone Soup version 0.30-b1-2-g02819fbbbe (webtiles) character file.

Game seed: 12297078895020682948

7051 Mesmaeker13 the Fighter (level 11, -14/92 HPs)
             Began as a Barachi Hunter on Aug 21, 2023.
             Was a Believer of Fedhas.
             Demolished by a catoblepas (24 damage)
             ... on level 10 of the Dungeon.
             The game lasted 00:20:19 (10903 turns).

Mesmaeker13 the Fighter (Barachi Hunter)           Turns: 10903, Time: 00:20:19

Health: -14/92     AC: 23    Str: 16    XL:     11   Next: 9%
Magic:  11/11      EV: 11    Int: 12    God:    Fedhas [**....]
Gold:   532        SH:  0    Dex: 17    Spells: 10/10 levels left

rFire   + . .        G - +2 flail (protect)
rCold   . . .        (no shield)
rNeg    . . .        u - +6 scale mail of Gehenna {+Inv rCorr Int+4 Dex-3}
rPois   .            (helmet restricted)
rElec   .            J - +0 cloak
rCorr   +            (no gloves)
SInv    .            (no boots)
Will    .....        A - amulet of the acrobat Stlth
                     e - ring of protection from fire
HPRegen 0.35/turn    (no ring)
MPRegen 0.12/turn

%: acrobat
@: under a protective aura, slow
A: amphibious, slowness 1, strong legs 1, +LOS, horns 1, strong 1, wild magic 1
a: Hop, Renounce Religion, Evoke Invisibility, Wall of Briars


You were on level 10 of the Dungeon.
You worshipped Fedhas.
Fedhas was pleased with you.
You visited 2 branches of the dungeon, and saw 11 of its levels.
You also visited: Ossuary.

You collected 532 gold pieces.

Inventory:

Hand Weapons
 a - a +0 shortbow
 q - a +0 long sword
 G - a +2 flail of protection (weapon)
Missiles
 d - 2 javelins
 v - 18 poisoned darts
Armour
 u - the +6 scale mail of Gehenna (worn) {+Inv rCorr Int+4 Dex-3}
   (You found it on level 2 of the Dungeon)

   Int:       It affects your intelligence (+4).
   Dex:       It affects your dexterity (-3).
   +Inv:      It lets you turn invisible.
   rCorr:     It protects you from acid and corrosion.
 F - a +0 buckler
 H - a +3 leather armour of cold resistance
 J - a +0 cloak (worn)
Jewellery
 e - a ring of protection from fire (left hand)
 A - an amulet of the acrobat (around neck)
 I - an amulet of guardian spirit
 L - a ring of protection from cold
Wands
 C - a wand of flame (4)
 D - a wand of polymorph (7)
Scrolls
 b - 7 scrolls of immolation
 g - 3 scrolls of magic mapping
 h - 2 scrolls of brand weapon {unknown}
 i - a scroll of fear {unknown}
 k - 3 scrolls of teleportation
 l - 2 scrolls of vulnerability {unknown}
 m - 4 scrolls of butterflies
 r - 4 scrolls of enchant armour
 y - a scroll of blinking {unknown}
 B - 2 scrolls of fog {unknown}
Potions
 c - 6 potions of curing
 f - 5 potions of brilliance
 j - 3 potions of attraction
 o - 4 potions of resistance {unknown}
 p - a potion of cancellation {unknown}
 s - 10 potions of flight
 t - a potion of heal wounds
 w - a potion of might
 x - 2 potions of mutation
 z - 3 potions of ambrosia
 E - 2 potions of haste
 K - a potion of magic {unknown}


   Skills:
 + Level 10.6 Fighting
 + Level 8.9 Long Blades
 + Level 9.6 Ranged Weapons
 + Level 9.8 Armour
 - Level 3.2 Dodging
 - Level 0.8 Stealth
 + Level 1.1 Invocations


You had 10 spell levels left.
You didn't know any spells.
Your spell library contained the following spells:

 Spells                   Type           Power      Damage    Failure   Level
 Summon Small Mammal      Summ           0%         N/A       75%         1
 Blink                    Tloc           0%         N/A       87%         2
 Lesser Beckoning         Tloc           0%         N/A       87%         2
 Momentum Strike          Conj/Tloc      0%         3d8       87%         2
 Call Canine Familiar     Summ           0%         N/A       98%         3
 Summon Guardian Golem    Hex/Summ       0%         N/A       98%         3
 Vhi's Electric Charge    Tloc/Air       0%         N/A       98%         3
 Arcjolt                  Conj/Air       0%         1d10      100%        5
 Maxwell's Capacitive Co  Air            0%         ∞         100%        8


Dungeon Overview and Level Annotations

Branches:
Dungeon (10/15)            Temple (1/1) D:6         Ossuary (visited)
   Lair: D:8-11         Orc: D:9-12

Altars:
Ashenzari
Cheibriados
Dithmenos
Elyvilon
Fedhas
Gozag
Hepliaklqana
Kikubaaqudgha
Makhleb
Nemelex Xobeh
Okawaru
Qazlal
Ru
Sif Muna
Trog
Uskayaw
Vehumet
Wu Jian
Xom
Yredelemnul
Zin
The Shining One

Shops:
D:2 *   D:6 !

Annotations:
D:3 2 runed translucent doors, Crazy Yiuf; Killmatronix's ghost, amateur AtHs
D:5 1 runed translucent door
D:10 Lodul


Innate Abilities, Weirdness & Mutations

You are amphibious.
You cover ground slowly.
You can hop short distances.
You have an extended range of vision and can be seen from far away.
You have a pair of small horns on your head.
Your muscles are strong. (Str +4, Int/Dex -1)
Your spells are a little harder to cast, but a little more powerful.


Message History

The catoblepas breathes a plume of calcifying dust at you.
The blast of calcifying dust hits you.
The catoblepas attacks as you move away!
The catoblepas completely misses you.
The catoblepas gores you but does no damage.
You hit the catoblepas but do no damage.
You headbutt the catoblepas.
The catoblepas is severely wounded.
The catoblepas gores you but does no damage.
You hit the catoblepas.
You headbutt the catoblepas, but do no damage.
The catoblepas is severely wounded.
The catoblepas barely misses you.
You barely miss the catoblepas.
The catoblepas is severely wounded.
The catoblepas breathes a plume of calcifying dust at you.
The blast of calcifying dust hits you but does no damage.
The catoblepas gores you but does no damage.
The catoblepas closely misses you.
Things that are here:
a +0 dagger; a +0 robe; an orc corpse You hit the catoblepas but do no damage.
You headbutt the catoblepas!
The catoblepas is almost dead.
The catoblepas gores you but does no damage.
You hit the catoblepas. You punch the catoblepas.
The catoblepas is almost dead.
The catoblepas breathes a plume of calcifying dust at you.
The blast of calcifying dust hits you. The catoblepas gores you.
The catoblepas barely misses you.
You hit the catoblepas but do no damage.
The catoblepas is almost dead.
The catoblepas gores you!!
* * * LOW HITPOINT WARNING * * *
You hit the catoblepas but do no damage.
You punch the catoblepas, but do no damage.
The catoblepas is almost dead.
The catoblepas misses you. The catoblepas gores you!!
You die...
Fedhas appreciates your contribution to the ecosystem.

..........##############
########..# #..# #..#
#..# #############..#
............)..########
...>§§§§§§§§Y..........
...!........@........##
########..#########..#
##.# .# #.# '.# #.# #.#
..# .#


You could see a catoblepas.

Vanquished Creatures
  2 two-headed ogres
  An unseen horror (D:7)
  A troll (D:10)
  A shadow (D:7)
  Eustachio (D:6)
  6 yaks (D:9)
  An acid dragon (D:9)
  2 water moccasins
  2 ice beasts
  A sky beast (D:8)
  A black bear (D:6)
  7 ogres
  5 centaurs
  2 phantoms
  A kobold brigand (D:7)
  A bullfrog (D:6)
  3 gnoll sergeants
  12 wights
  A killer bee (D:9)
  11 howler monkeys
  A centaur zombie (Ossuary)
  3 human zombies (Ossuary)
  3 hounds
  A jelly (D:4)
  4 orc priests
  Jessica (D:2)
  A human skeleton (D:5)
  4 iguanas
  7 orc wizards
  4 mummies (Ossuary)
  4 adders
  11 gnolls
  3 shadow imps
  4 ufetubi
  2 worms
  5 dart slugs
  16 orcs
  5 ball pythons
  5 bats
  4 endoplasms
  4 giant cockroaches
  4 goblins
  4 hobgoblins
  2 jackals (D:2)
  3 quokkas
  4 frilled lizards (D:1)
  A gnoll zombie (Ossuary)
  A goblin zombie (D:5)
  A hobgoblin zombie (Ossuary)
  20 kobolds
  A kobold zombie (D:5)
  2 orc zombies (Ossuary)
  7 rats
204 creatures vanquished.

Vanquished Creatures (others)
  12 fungi (D:5)
12 creatures vanquished.

Grand Total: 216 creatures vanquished

Notes
Turn   | Place    | Note
-------+----------+-------------------------------------------
     0 | D:1      | Mesmaeker13 the Barachi Hunter began the quest for the Orb.
     0 | D:1      | Reached XP level 1. HP: 17/17 MP: 1/1
    50 | D:1      | Found a faded altar of an unknown god.
   138 | D:1      | Reached XP level 2. HP: 23/23 MP: 2/2
   397 | D:1      | Reached skill level 3 in Fighting
   704 | D:2      | Reached XP level 3. HP: 29/29 MP: 3/3
   817 | D:2      | Noticed Jessica
   828 | D:2      | Killed Jessica
   829 | D:2      | Reached XP level 4. HP: 32/35 MP: 4/4
   861 | D:2      | Found Lefunyaw's General Store.
  1209 | D:2      | Identified the +6 scale mail of Gehenna {+Inv rCorr Int+4
                  | Dex-3}
  1568 | D:3      | Reached skill level 1 in Armour
  1590 | D:3      | Found a runed translucent door.
  1591 | D:3      | Noticed Crazy Yiuf
  1612 | D:3      | You fall into a shaft and drop 1 floor!
  1650 | D:4      | Reached skill level 4 in Fighting
  1650 | D:4      | Reached XP level 5. HP: 42/42 MP: 5/5
  1761 | D:4      | Reached skill level 5 in Ranged Weapons
  2050 | D:3      | Found a runed translucent door.
  2050 | D:3      | Noticed Killmatronix's ghost (amateur AtHs)
  2774 | D:5      | Entered Level 5 of the Dungeon
  2887 | D:5      | Found a shadowy altar of Dithmenos.
  2890 | D:5      | Found a blossoming altar of Fedhas.
  2901 | D:5      | Found a shimmering altar of Xom.
  2901 | D:5      | Found an ancient bone altar of Kikubaaqudgha.
  2901 | D:5      | Found a burning altar of Makhleb.
  2901 | D:5      | Noticed a phantom
  2920 | D:5      | Killed a phantom
  2921 | D:5      | Reached XP level 6. HP: 48/50 MP: 6/6
  2989 | D:5      | Reached skill level 5 in Fighting
  3095 | D:5      | Found a sand-covered staircase.
  3101 | Ossuary  | Entered an ossuary
  3532 | Ossuary  | Reached XP level 7. HP: 56/56 MP: 7/7
  3657 | D:5      | Reached skill level 1 in Long Blades
  3946 | D:5      | Found a runed translucent door.
  3946 | D:5      | Noticed a human
  3953 | D:5      | Found a basalt altar of Yredelemnul.
  4011 | D:5      | Reached skill level 6 in Fighting
  4854 | D:6      | Reached XP level 8. HP: 25/65 MP: 8/8
  4870 | D:6      | Reached skill level 5 in Armour
  5168 | D:6      | Noticed Eustachio
  5204 | D:6      | Killed Eustachio
  5418 | D:6      | Reached skill level 7 in Fighting
  5500 | D:6      | Found Jaics's Distillery.
  5734 | D:6      | Found a staircase to the Ecumenical Temple.
  5744 | Temple   | Entered the Ecumenical Temple
  5927 | D:5      | Became a worshipper of Fedhas Madash
  6446 | D:7      | Reached XP level 9. HP: 52/72 MP: 9/9
  6591 | D:7      | Reached skill level 5 in Long Blades
  6996 | D:7      | Gained mutation: Your muscles are strong. (Str +4, Int/Dex
                  | -1) [potion of mutation]
  6996 | D:7      | Gained mutation: Your spells are a little harder to cast,
                  | but a little more powerful. [potion of mutation]
  6996 | D:7      | Gained mutation: You have a pair of small horns on your
                  | head. [potion of mutation]
  6997 | D:7      | Killed an unseen horror
  6998 | D:7      | Reached skill level 8 in Fighting
  7410 | D:7      | Found a stormy altar of Qazlal.
  7726 | D:8      | Reached * piety under Fedhas
  7909 | D:8      | Noticed a two-headed ogre
  8095 | D:8      | Killed a two-headed ogre
  8096 | D:8      | Reached skill level 9 in Fighting
  8096 | D:8      | Reached XP level 10. HP: 28/83 MP: 10/10
  8968 | D:9      | Noticed a two-headed ogre
  8997 | D:9      | Killed a two-headed ogre
  9235 | D:9      | Reached skill level 10 in Fighting
  9495 | D:10     | Entered Level 10 of the Dungeon
  9587 | D:10     | Reached ** piety under Fedhas
  9777 | D:10     | Noticed Lodul
 10237 | D:10     | Reached XP level 11. HP: 63/92 MP: 11/11
 10650 | D:10     | Reached skill level 1 in Invocations
 10688 | D:10     | Noticed a catoblepas
 10903 | D:10     | Demolished by a catoblepas

Illustrated notes

Levels and vault maps discovered:
D:1:      wheals_arrival_linesprint, layout_loops_ring, basic_ecumenical_altar
D:2:      layout_loops_cross, serial_shops, shop, uniq_jessica
D:3:      layout_rooms, hellmonk_ghost_happy_afterlife, chequers_mini_garden,
          minmay_misc_feat_nine_boxes, uniq_crazy_yiuf_cottage
D:4:      layout_gridville
D:5:      layout_loops_ring, grunt_temple_overflow_open, dk_yredelemnul_ordeal,
          nicolae_ossuary_entry_plus, serial_aquarium, aquarium_bridge_straight
          [aquarium_subvault_bridge, aquarium_subvault_balcony,
          aquarium_subvault_bridge, aquarium_subvault_balcony],
          aquarium_bridge_square [aquarium_subvault_bridge,
          aquarium_subvault_wall, aquarium_subvault_bridge,
          aquarium_subvault_wall], aquarium_window_1, aquarium_window_1,
          aquarium_window_1, aquarium_window_1, aquarium_view_2b,
          aquarium_balcony_3b, aquarium_pool_split, minivault_1
D:6:      layout_loops_corners, minmay_temple_entry_poolview, serial_shops,
          nicolae_shop_behind_doors, st_stairs_1, uniq_eustachio
D:7:      layout_loops_ring, grunt_qazlal_sundering
D:8:      layout_cave_pools
D:9:      layout_rooms
D:10:     minmay_s_stair_smasher, layout_long_grid, dpeg_lair_monsters,
          uniq_lodul
Temple:   nicolae_temple_superstar

Skill      XL: |  1  2  3  4  5  6  7  8  9 10 11 |
---------------+----------------------------------+-----
Fighting       | 3 4 5 6 7 9 10 | 10.6
Dodging        | 3 |  3.2
Armour         | 1 2 3 4 6 8 9 |  9.8
Ranged Weapons | 5 6 7 8 9 |  9.6
Long Blades    | 2 4 7 8 |  8.9
Invocations    | 1 |  1.1
Stealth        | |  0.8

Action                     |  1- 3 |  4- 6 |  7- 9 | 10-12 || total
---------------------------+-------+-------+-------+-------++-------
  Melee: Long sword        |       |    77 |    85 |       ||   162
         Punch             |       |     2 |       |     6 ||     8
         Flail             |       |       |   110 |   200 ||   310
         Headbutt          |       |       |     8 |    55 ||    63
   Fire: Shortbow          |    85 |   188 |   251 |   134 ||   658
Ability: Hop               |       |     3 |     9 |     6 ||    18
  Evoke: Wand              |       |       |     1 |       ||     1
    Use: Scroll            |       |     7 |     4 |       ||    11
         Potion            |       |     1 |    10 |     3 ||    14
 Armour: Leather armour    |     8 |       |       |       ||     8
         Ring mail         |     4 |    65 |   128 |       ||   197
         Skin              |       |     5 |   107 |       ||   112
         Scale mail        |       |       |     4 |   190 ||   194
  Dodge: Dodged            |    23 |    72 |   221 |   262 ||   578
